 Dungeon Crawl Stone Soup version 0.22-a0-322-g60b3cfd (webtiles) character file.

1096 tilp the Chiller (level 8, -10/58 HPs)
             Began as a Merfolk Ice Elementalist on Apr 5, 2018.
             Killed by divine providence
             ... invoked by an orc priest
              (15 damage)
             ... on level 6 of the Dungeon.
             The game lasted 00:18:17 (7146 turns).

tilp the Chiller (Merfolk Ice Elementalist)         Turns: 7146, Time: 00:18:19

Health: -10/58     AC:  5    Str:  9    XL:     8   Next: 31%
Magic:  7/11       EV: 15    Int: 13    God:
Gold:   16         SH:  0    Dex: 14    Spells: 5/11 levels left

rFire    . . .     SeeInvis .   B - +6 dagger of Reqoza Voras {pain, *Drain +Fly rC++ Int-3}
rCold    + + .     Gourm    .   (no shield)
rNeg     . . .     Faith    .   a - +0 robe
rPois    .         Spirit   .   f - +2 hat
rElec    .         Reflect  .   (no cloak)
rCorr    .         Harm     .   A - +0 pair of gloves (curse)
MR       .....                  (no boots)
Stlth    ++........             (no amulet)
HPRegen  0.19/turn              (no ring)
MPRegen  0.12/turn              (no ring)

@: no status effects
A: change form in water, swift swim, stealthy swim
a: Evoke Flight


You were on level 6 of the Dungeon.
You were not hungry.

You visited 1 branch of the dungeon, and saw 6 of its levels.

You collected 191 gold pieces.
You spent 175 gold pieces at shops.

Inventory:

Hand Weapons
 d - a +0 club
 g - a +0 dagger
 q - a +0 hunting sling
 u - a +0 trident
 B - the +6 dagger of Reqoza Voras (weapon) {pain, *Drain +Fly rC++ Int-3}
   (You bought it in a shop on level 4 of the Dungeon)

   In the hands of one skilled in necromantic magic, it inflicts extra damage on
   living creatures.
   It affects your intelligence (-3).
   It greatly protects you from cold.
   It lets you fly.
   It causes draining when unequipped.
Missiles
 h - 299 stones
 j - 8 tomahawks (quivered)
 k - 54 sling bullets
 t - a throwing net
Armour
 a - a +0 robe (worn)
 f - a +2 hat (worn)
 m - a +0 helmet
 A - a cursed +0 pair of gloves (worn)
 D - a +1 pair of gloves
 G - the cursed +1 scale mail of Aphiqes {Str+5 Int+3, unknown}
   (You found it on level 6 of the Dungeon)

   It affects your strength (+5).
   It affects your intelligence (+3).
   It has a curse placed upon it.
Jewellery
 r - an uncursed ring of wizardry {unknown}
Wands
 w - a wand of digging (18)
Scrolls
 b - 2 scrolls of remove curse {unknown}
 e - 5 scrolls of identify {unknown}
 l - 2 scrolls of magic mapping {unknown}
 o - a scroll of enchant armour {unknown}
 p - 2 scrolls of fog {unknown}
 s - 3 scrolls of amnesia {unknown}
 y - 2 scrolls of noise {unknown}
 z - a scroll of enchant weapon {unknown}
 C - a scroll of fear {unknown}
 F - a scroll of teleportation {unknown}
Potions
 i - a potion of curing
 n - a potion of heal wounds
 v - a potion of magic {unknown}
 x - a potion of degeneration {unknown}
 E - a potion of lignification {unknown}
Comestibles
 c - 12 rations


   Skills:
 - Level 3.1 Fighting
 - Level 5.6 Dodging
 + Level 2.6 Stealth
 - Level 2.0 Spellcasting
 - Level 0.7 Conjurations
 - Level 3.6 Charms
 - Level 7.0 Ice Magic
 - Level 4.2 Evocations


You had 5 spell levels left.
You knew the following spells:

 Your Spells              Type           Power        Failure   Level  Hunger
a - Freeze                Ice            ###.         1%          1    ##.....
b - Throw Frost           Conj/Ice       ##....       8%          2    ###....
c - Ozocubu's Armour      Chrm/Ice       ###.....     9%          3    ####...


Dungeon Overview and Level Annotations

Branches:
Dungeon (6/15)
 Temple: D:4-7

Altars:
Hepliaklqana
Wu Jian
Yredelemnul

Shops:
D:4 (

Annotations:
D:2 exclusion: ogre
D:3 Goblin1989's ghost, amateur OpTm
D:6 exclusion: ice beast, Menkaure


Message History

The orc is severely wounded.
The orc hits you with a trident! The orc priest barely misses you.
You barely miss the orc.
The orc is severely wounded.
The orc misses you. Menkaure casts a spell at you.
You struggle to resist.
Unknown command.
You barely miss the orc.
The orc is severely wounded.
The orc priest hits you with a mace. The orc barely misses you.
You hit the orc.
You kill the orc!
The orc priest looks braver for a moment.
Menkaure points at you and mumbles some strange words.
Pain shoots through your body!
* * * LOW HITPOINT WARNING * * *
The orc priest invokes the aid of Beogh against you.
Beogh smites you!
You die...

##############.#..##
#.#)..# #.##..#
#.##..# #.##..#.####
#M##..#....#
#.##..#....#
#)##..#....#
#o.@..#....#
#####.#....#
#........###.
#.#..........
#.##.....### #
#%....# #..o..#
#.....# .......o


You could see an orc priest.

Vanquished Creatures
  3 sky beasts
  An orc warrior (D:6)
  A centaur (D:5)
  A bullfrog (D:6)
  A crimson imp (D:4)
  4 orc priests (D:5)
  A jelly (D:6)
  An orc wizard (D:5)
  2 hounds
  6 worker ants
  Robin (D:3)
  5 adders
  A worm (D:2)
  A dart slug (D:3)
  2 leopard geckos (D:3)
  21 orcs
  3 bats
  7 giant cockroaches
  14 goblins
  17 hobgoblins
  2 jackals (D:4)
  2 quokkas
  6 frilled lizards
  A giant cockroach zombie (D:5)
  3 kobolds
  13 rats
120 creatures vanquished.

Notes
Turn   | Place    | Note
-------+----------+-------------------------------------------
     0 | D:1      | tilp the Merfolk Ice Elementalist began the quest for the Orb.
     0 | D:1      | Reached XP level 1. HP: 13/13 MP: 3/3
   419 | D:1      | Reached XP level 2. HP: 19/19 MP: 3/5
   423 | D:1      | Learned a level 2 spell: Throw Frost
   471 | D:1      | Reached skill level 4 in Ice Magic
   847 | D:1      | Reached XP level 3. HP: 17/24 MP: 2/6
   861 | D:1      | Learned a level 3 spell: Ozocubu's Armour
  1385 | D:2      | Reached skill level 5 in Ice Magic
  1723 | D:2      | Noticed an ogre
  1923 | D:2      | Found an ornate altar of the Wu Jian Council.
  2162 | D:3      | Reached XP level 4. HP: 30/30 MP: 3/7
  2662 | D:3      | Noticed Robin
  2696 | D:3      | Killed Robin
  2795 | D:3      | Reached skill level 6 in Ice Magic
  2920 | D:3      | Reached XP level 5. HP: 26/35 MP: 1/8
  3029 | D:3      | Noticed Goblin1989's ghost (amateur OpTm)
  4001 | D:4      | Found Toax's Antique Weapon Emporium.
  4120 | D:4      | Found a hazy altar of Hepliaklqana.
  4176 | D:4      | Found a basalt altar of Yredelemnul.
  4305 | D:4      | Reached skill level 7 in Ice Magic
  4634 | D:4      | Bought a faintly glowing dagger for 175 gold pieces
  4634 | D:4      | Identified the +6 dagger of Reqoza Voras {pain, *Drain +Fly rC++ Int-3} (You bought it in a shop on level 4 of the Dungeon)
  4925 | D:4      | Reached skill level 1 in Fighting
  4925 | D:4      | Reached XP level 6. HP: 40/44 MP: 9/9
  5034 | D:5      | Entered Level 5 of the Dungeon
  5289 | D:5      | Noticed a sky beast
  5311 | D:5      | Killed a sky beast
  5555 | D:5      | Noticed a sky beast
  5570 | D:5      | Reached XP level 7. HP: 52/52 MP: 10/10
  5607 | D:5      | Reached skill level 5 in Dodging
  5646 | D:5      | Reached skill level 1 in Charms
  6609 | D:5      | Reached skill level 1 in Evocations
  6678 | D:6      | Noticed Menkaure
  6716 | D:6      | Reached XP level 8. HP: 57/58 MP: 7/11
  7110 | D:6      | Got a faintly humming scale mail
  7146 | D:6      | Killed from afar by an orc priest

Vault maps used:
D:1:      minmay_arrival_up_and_down
D:2:      lemuel_round_altar
D:3:      uniq_robin
D:4:      yredelemnul_altar_generic, kennysheep_little_box, first_ration,
          serial_shops, nicolae_shop_overgrown_old_shop
D:6:      marbit_many_paths, minmay_temple_entry_statues, uniq_menkaure,
          uniq_eustachio

Skill      XL: |  1  2  3  4  5  6  7  8 |
---------------+-------------------------+-----
Ice Magic      | 4 5 6 7 |  7.0
Fighting       | 1 3 |  3.1
Dodging        | 4 5 |  5.6
Charms         | 3 |  3.6
Evocations     | 2 4 |  4.2
Stealth        | |  2.6
Spellcasting   | |  2.0
Conjurations   | |  0.7

Action                   |  1- 3 |  4- 6 |  7- 9 || total
-------------------------+-------+-------+-------++-------
Melee: Unarmed           |     9 |       |       ||     9
       Club              |     5 |       |       ||     5
       Dagger            |   107 |   145 |    72 ||   324
Throw: Tomahawk          |     1 |     7 |     6 ||    14
 Cast: Freeze            |    42 |    57 |    44 ||   143
       Ozocubu's Armour  |     4 |    16 |     8 ||    28
       Throw Frost       |       |     1 |       ||     1
  Use: Potion            |       |       |     2 ||     2
 Stab: Sleeping          |     4 |     7 |     2 ||    13
  Eat: Chunk             |     5 |    11 |     4 ||    20
       Ration            |       |     1 |     1 ||     2
Armor: Robe              |    21 |    60 |    21 ||   102
Dodge: Dodged            |    86 |   117 |    66 ||   269

Table legend:
 A = Spawn XP
 B = Non-spawn XP
 C = Spawn XP percentage of total XP
 D = Spawn monster count
 E = Non-spawn monster count
 F = Spawn count percentage of total count
 G = Total turns spent on level
                    A         B        C        D         E        F      G
               +---------+---------+-------+---------+---------+-------+---------
         Total |       0 |    1567 |   0.0 |       0 |     120 |   0.0 |  7146
               +---------+---------+-------+---------+---------+-------+---------
           D:1 |       0 |      40 |   0.0 |       0 |      26 |   0.0 |  1091
           D:2 |       0 |      44 |   0.0 |       0 |      18 |   0.0 |  1217
           D:3 |       0 |     128 |   0.0 |       0 |      37 |   0.0 |  1596
           D:4 |       0 |     133 |   0.0 |       0 |       8 |   0.0 |  1130
           D:5 |       0 |     756 |   0.0 |       0 |      21 |   0.0 |  1882
           D:6 |       0 |     466 |   0.0 |       0 |      10 |   0.0 |   230
               +---------+---------+-------+---------+---------+-------+---------
